 Dungeon Crawl Stone Soup version 0.30-b1-2-g02819fbbbe (webtiles) character file.

Game seed: 1164607772818259881

853 graymark the Magician (level 8, -2/50 HPs)
             Began as a Djinni Fire Elementalist on May 25, 2023.
             Shot with an arrow by a centaur (9 damage)
             ... on level 5 of the Dungeon.
             The game lasted 00:12:22 (4282 turns).

graymark the Magician (Djinni Fire Elementalist)    Turns: 4282, Time: 00:12:22

Health: -2/50      AC:  5    Str:  7    XL:     8   Next: 21%
Gold:   242        EV: 14    Int: 19    God:
                   SH:  0    Dex: 14

rFire   + + .        p - +2 quarterstaff (drain)
rCold   x . .        (shield currently unavailable)
rNeg    . . .        a - +0 robe
rPois   ∞            (no helmet)
rElec   .            i - +1 cloak
rCorr   .            e - +0 pair of gloves
SInv    .            (boots unavailable)
Will    .....        (no amulet)
Stlth   +++          g - +4 ring of protection
HPRegen 0.28/turn    (no ring)
MPRegen 0.00/turn

%: infuse magic (-3 HP)
@: corroded, flying
A: sickness immunity, fire resistance 2, cold vulnerability 1, float, innate
caster, HP casting, extra vitality 1
a: no special abilities


You were on level 5 of the Dungeon.
You visited 1 branch of the dungeon, and saw 5 of its levels.

You collected 242 gold pieces.

Inventory:

Hand Weapons
 k - a +0 short sword
 p - a +2 quarterstaff of draining (weapon)
Armour
 a - a +0 robe (worn)
 e - a +0 pair of gloves (worn)
 i - a +1 cloak (worn)
Jewellery
 g - a +4 ring of protection (left hand)
Wands
 m - a wand of paralysis (1)
Scrolls
 h - a scroll of teleportation
Potions
 b - 2 potions of brilliance
 c - 2 potions of might
 d - a potion of attraction
 f - 2 potions of heal wounds
 j - a potion of cancellation
 o - a potion of lignification


   Skills:
 + Level 5.1 Dodging
 + Level 4.1 Stealth
 * Level 5.3 Spellcasting


You knew the following spells:

 Your Spells              Type           Power      Damage    Failure   Level
a - Foxfire               Conj/Fire      100%       2x1d9     1%          1
b - Scorch                Fire           50%        2d7       1%          2
c - Volatile Blastmotes   Fire/Tloc      50%        2d14      4%          3
d - Inner Flame           Hex/Fire       25%        N/A       4%          3
e - Flame Wave            Conj/Fire      25%        2d8       13%         4
f - Slow                  Hex            100%       N/A       1%          1
g - Wereblood             Tmut           25%        N/A       1%          2
h - Spider Form           Tmut/Pois      25%        N/A       4%          3
Your spell library was empty.

Dungeon Overview and Level Annotations

Branches:
Dungeon (5/15)
 Temple: D:4-7

Altars:

Annotations:
D:3 exclusion: 2 downstairs


Innate Abilities, Weirdness & Mutations

You are immune to sickness and miasma.
You are immune to poison.
Your flesh is very heat resistant. (rF++)
You are vulnerable to cold. (rC-)
You float through the air rather than walking.
You learn spells naturally, not from books.
Your magical power is your life essence.
You have superior vitality. (+4 MHP)


Message History

Aiming: Inner Flame (dangerous; 4% risk of failure)
Press: ? - help, Dir - move target, f - centaur
Aim: a centaur (chance to affect: 80%)
Okay, then.
Casting: Inner Flame (dangerous; 4% risk of failure)
Confirm with . or Enter, or press ? or * to list all spells.
Aiming: Slow (safe; 1% risk of failure)
Press: ? - help, Shift-Dir - straight line, f - centaur
Aim: a centaur (chance to affect: 56%)
The centaur resists with significant effort.
The centaur wields a +0 shortbow.
The centaur shoots an arrow.
The arrow hits you.
The foxfire hits the centaur.
The centaur is lightly wounded.
The foxfire hits the acid dragon.
The acid dragon is moderately wounded.
Casting: Slow (safe; 1% risk of failure)
Confirm with . or Enter, or press ? or * to list all spells.
Aiming: Slow (safe; 1% risk of failure)
Press: ? - help, Shift-Dir - straight line, f/p - centaur
Aim: a centaur, wielding a +0 shortbow (lightly wounded, chance to affect: 56%)
The centaur resists with significant effort.
The centaur shoots an arrow.
The arrow misses you.
Casting: Slow (safe; 1% risk of failure)
Confirm with . or Enter, or press ? or * to list all spells.
Aiming: Slow (safe; 1% risk of failure)
Press: ? - help, Shift-Dir - straight line, f/p - centaur
Aim: a centaur, wielding a +0 shortbow (lightly wounded, chance to affect: 56%)
The centaur resists with significant effort.
The centaur shoots an arrow.
The arrow hits you! The acid dragon spits acid at you.
The splash of acid hits you! The acid corrodes you!
The centaur shoots an arrow.
The arrow hits you.
The centaur shoots an arrow.
The arrow hits you!
* * * LOW HITPOINT WARNING * * *
There is a large open door here.
The centaur shoots an arrow.
The arrow hits you.
* * * LOW HITPOINT WARNING * * *
The centaur shoots an arrow.
The arrow misses you.
The centaur shoots an arrow.
The arrow hits you!
You die...

.....>.##............##≈≈~~~~~~~~
..#.................##≈≈≈≈≈§≈~~~~
####...............##≈≈≈≈≈§≈§~~~~
.##....##...##....##§≈§≈≈§≈≈§§§~~
..#........###.#..#≈≈≈§§§§§§§≈≈~~
..#........##.....#≈≈≈≈§≈§≈§≈≈≈~~
...........#......#≈≈≈§§§≈§§.≈≈~~
.................('..D§......?≈~~
.....<........<.@.'..c.......(~~~
..................#≈≈§≈≈≈≈≈..≈~~~
......†..#.....#..#≈≈≈≈≈≈≈≈≈§~~~~
......#........##.#≈≈§≈§≈≈≈§≈§~~~
......##........#.##§§≈≈≈≈§≈§≈~~~
.....###...........##≈≈≈≈≈§§≈≈~~~
......#.........##.,##§≈≈≈≈≈§≈~~~
.....##.....#..#,,..,##≈≈≈≈≈≈~~~~
....#*##....###.,,,,,,##§§§≈≈~~~*


You could see an acid dragon and a centaur.

Vanquished Creatures
  An ice beast (D:5)
  A black bear (D:4)
  2 centaurs (D:5)
  2 phantoms (D:4)
  An orc priest (D:4)
  A jelly (D:5)
  3 iguanas (D:5)
  2 orc wizards (D:5)
  A gnoll (D:1)
  6 adders
  A worm (D:2)
  5 dart slugs
  15 orcs
  4 ball pythons
  4 bats
  8 endoplasms
  4 giant cockroaches
  9 goblins
  7 hobgoblins
  4 quokkas
  5 frilled lizards
  8 kobolds
  7 rats
101 creatures vanquished.

Vanquished Creatures (collateral kills)
  4 foxfires (D:4)
4 creatures vanquished.

Vanquished Creatures (others)
  321 foxfires
321 creatures vanquished.

Grand Total: 426 creatures vanquished

Notes
Turn   | Place    | Note
-------+----------+-------------------------------------------
     0 | D:1      | graymark the Djinni Fire Elementalist began the quest for
                  | the Orb.
     0 | D:1      | graymark set off with the following spells memorised:
                  | Foxfire, Scorch, Volatile Blastmotes, Inner Flame, Flame
                  | Wave.
     0 | D:1      | Reached XP level 1. HP: 15/15 MP: 0/0
   176 | D:1      | Reached XP level 2. HP: 17/21 MP: 0/0
   368 | D:1      | Reached XP level 3. HP: 20/25 MP: 0/0
   368 | D:1      | Learned a level 1 spell: Slow
   471 | D:1      | Found a faded altar of an unknown god.
  1319 | D:2      | Reached XP level 4. HP: 30/31 MP: 0/0
  2339 | D:3      | Reached XP level 5. HP: 32/35 MP: 0/0
  2339 | D:3      | Learned a level 2 spell: Wereblood
  2387 | D:3      | Paralysed by a hobgoblin for 3 turns
  2392 | D:3      | Paralysed by a hobgoblin for 4 turns
  2808 | D:4      | Noticed a black bear
  2858 | D:4      | Noticed a phantom
  2871 | D:4      | Killed a phantom
  2872 | D:4      | Reached XP level 6. HP: 21/40 MP: 0/0
  3756 | D:4      | Killed a black bear
  3757 | D:4      | Reached XP level 7. HP: 34/45 MP: 0/0
  3757 | D:4      | Learned a level 3 spell: Spider Form
  3858 | D:5      | Entered Level 5 of the Dungeon
  3891 | D:5      | Reached skill level 5 in Spellcasting
  4034 | D:5      | Reached XP level 8. HP: 47/50 MP: 0/0
  4091 | D:5      | Reached skill level 5 in Dodging
  4282 | D:5      | Shot with an arrow by a centaur

Illustrated notes

Levels and vault maps discovered:
D:1:      evilmike_arrival_plus, layout_loops_cross,
          shapermc_ecumenical_altar_acropolis, minmay_tall_x
D:2:      layout_basic
D:3:      layout_rooms, serial_curves, eino_curves_01, eino_curves_01
D:4:      layout_basic, corexii_corridor_pit, serial_bayou_pond_a
D:5:      kennysheep_big_flooded_room, layout_cave_pools,
          minmay_overflow_temple_star_quad

Skill      XL: |  1  2  3  4  5  6  7  8 |
---------------+-------------------------+-----
Stealth        | 2 3 4 |  4.1
Spellcasting   | 3 4 5 |  5.3
Dodging        | 3 4 5 |  5.1

Action                     |  1- 3 |  4- 6 |  7- 9 || total
---------------------------+-------+-------+-------++-------
  Melee: Unarmed           |       |    12 |     3 ||    15
   Cast: Foxfire           |    79 |   121 |    33 ||   233
         Scorch            |     5 |    25 |     6 ||    36
         Slow              |       |     9 |     5 ||    14
         Volatile Blastmot |       |     1 |       ||     1
         Inner Flame       |       |       |     2 ||     2
    Use: Scroll            |       |    10 |     3 ||    13
         Potion            |       |       |     1 ||     1
 Armour: Robe              |     2 |    27 |     8 ||    37
  Dodge: Dodged            |    18 |    38 |    18 ||    74
